 Dungeon Sprint DCSS version 0.24.0-37-gcf1ca852f1 (console) character file.

Game seed: 10798080685656584562, levelgen mode: deterministic

17 Morrissey the Shield-Bearer (level 2, 0/28 HPs)
             Began as a Minotaur Fighter on Nov 24, 2019.
             Was a Follower of Makhleb.
             Slain by a gnoll
             ... wielding a +0 halberd
              (12 damage)
             ... in the Dungeon (Sprint VII: "The Pits").
             The game lasted 00:00:29 (103 turns).

Morrissey the Shield-Bearer (Minotaur Fighter)       Turns: 103, Time: 00:00:30

Health: 0/28       AC:  7    Str: 25    XL:     2   Next: 44%
Magic:  1/1        EV:  7    Int:  5    God:    Makhleb [*.....]
Gold:   0          SH: 10    Dex:  9    Spells: 1/1 levels left

rFire    . . .     SeeInvis .   a - +0 war axe
rCold    . . .     Gourm    .   c - +0 shield
rNeg     . . .     Faith    .   b - +0 scale mail
rPois    .         Spirit   .   (helmet restricted)
rElec    .         Reflect  .   (no cloak)
rCorr    .         Harm     .   (no gloves)
MR       .....     NoTele   +   (no boots)
Stlth    ..........             (no amulet)
HPRegen  0.09/turn              (no ring)
MPRegen  0.07/turn              (no ring)

@: mighty
A: retaliatory headbutt, horns 2
a: Renounce Religion


You were in the Dungeon.
You worshipped Makhleb.
Makhleb was aware of your devotion.
You were not hungry.

You visited 1 branch

Inventory:

Hand Weapons
 a - a +0 war axe (weapon)
Armour
 b - a +0 scale mail (worn)
 c - a +0 shield (worn)
Scrolls
 k - a scroll of blinking
 n - 3 scrolls of remove curse
 o - 5 scrolls of amnesia
 p - a scroll of summoning
Potions
 e - a potion of curing
 g - a potion of heal wounds
 h - a potion of haste
 i - 4 potions of magic
 j - 3 potions of berserk rage
 m - 2 potions of invisibility
Comestibles
 f - 9 rations
 l - 4 chunks of flesh


   Skills:
 + Level 4.5 Fighting
 * Level 4.5 Axes
 + Level 4.5 Armour
 + Level 4.5 Shields


You had one spell level left.
You didn't know any spells.
Your spell library was empty.

Dungeon Overview and Level Annotations

Branches:
Dungeon (1/1)

Altars:
Ashenzari
Cheibriados
Dithmenos
Elyvilon
Fedhas
Gozag
Hepliaklqana
Kikubaaqudgha
Makhleb
Nemelex Xobeh
Okawaru
Qazlal
Ru
Sif Muna
Trog
Uskayaw
Vehumet
Wu Jian
Xom
Yredelemnul
Zin
The Shining One
Beogh
Jiyva
Lugonu


Innate Abilities, Weirdness & Mutations

You reflexively headbutt those who attack you in melee.
You have a pair of horns on your head.


Message History

You block the gnoll's attack.
A gnoll comes into view. It is wielding a +0 spear.
There is an open door here.
A river rat and a gnoll come into view.
The gnoll shouts!
A gnoll sergeant comes into view.
It is wielding a +0 trident of freezing.
The river rat moves out of view.
The gnoll hits you with a +0 halberd!
* * * LOW HITPOINT WARNING * * *
The gnoll closely misses you. The gnoll sergeant barely misses you.
The gnoll hits you with a +0 flail.
* * * LOW HITPOINT WARNING * * *
You are too injured to fight recklessly!
You are too injured to fight recklessly!
Unknown command.
You block the gnoll's attack. x2
There is an open door here.
You feel very mighty all of a sudden.
The gnoll hits you from afar with a +0 halberd!
You die...

##########.##........
#..........รท'........
#+#####'#####......#.
#..#..# #........
#..'..# ####'####
#..#### #.......#
#..#..# #.......#
#..#r.# #.......#
##@#.g#+###...<...#
#..ggr...##.......#
#...gr...##.......#
###########.......#
#########


You could see 3 gnolls, a river rat and a quokka.

Vanquished Creatures
  A river rat (D)
  An ooze (D)
  A bat skeleton (D)
  A ball python (D)
  A frilled lizard (D)
  A rat (D)
6 creatures vanquished.

Notes
Turn   | Place    | Note
-------+----------+-------------------------------------------
     0 | D        | Morrissey the Minotaur Fighter began the quest for the Orb.
     0 | D        | Reached XP level 1. HP: 19/19 MP: 0/0
    41 | D        | Found a glowing golden altar of the Shining One.
    41 | D        | Found a glowing silver altar of Zin.
    41 | D        | Found a basalt altar of Yredelemnul.
    41 | D        | Found a shimmering altar of Xom.
    41 | D        | Found an ornate altar of the Wu Jian Council.
    41 | D        | Found a bloodstained altar of Trog.
    41 | D        | Found a shimmering blue altar of Sif Muna.
    41 | D        | Found a sacrificial altar of Ru.
    41 | D        | Found a stormy altar of Qazlal.
    41 | D        | Found an iron altar of Okawaru.
    41 | D        | Found a sparkling altar of Nemelex Xobeh.
    41 | D        | Found a burning altar of Makhleb.
    41 | D        | Found a viscous altar of Jiyva.
    41 | D        | Found a hazy altar of Hepliaklqana.
    41 | D        | Found an opulent altar of Gozag.
    41 | D        | Found a blossoming altar of Fedhas.
    41 | D        | Found a white marble altar of Elyvilon.
    41 | D        | Found a shadowy altar of Dithmenos.
    41 | D        | Found a snail-covered altar of Cheibriados.
    42 | D        | Found a radiant altar of Vehumet.
    42 | D        | Found a corrupted altar of Lugonu.
    42 | D        | Found a roughly hewn altar of Beogh.
    43 | D        | Found an ancient bone altar of Kikubaaqudgha.
    43 | D        | Found a hide-covered altar of Uskayaw.
    43 | D        | Found a shattered altar of Ashenzari.
    60 | D        | Became a worshipper of Makhleb the Destroyer
    80 | D        | Reached XP level 2. HP: 20/27 MP: 1/1
    84 | D        | Reached * piety under Makhleb
   100 | D        | Noticed a gnoll sergeant
   103 | D        | Slain by a gnoll

Levels and vault maps discovered:
D:        pitsprint [storerooms_1, entrance_room_1, metal_vault_5, armoury_1,
          mini_pit_1, grid_room_1, main_hall_1, silver_pit, the_coven_1,
          the_vestibule_1, steel_vault_1, golden_pit, hallway_of_sentries,
          crystal_vault_1, iron_vault_4, final_vault]

Skill      XL: |  1 |
---------------+----+-----
Fighting       | 4 |  4.5
Axes           | 4 |  4.5
Armour         | 4 |  4.5
Shields        | 4 |  4.5

Action                   || total
-------------------------++-------
Melee: War axe           ||    17
       Headbutt          ||     3
  Use: Potion            ||     1
Armor: Scale mail        ||    11
Dodge: Dodged            ||     9
Block: Shield            ||    14
